Map: 코스믹 사파이어

Players

PtitDrogo

  • Race: Protoss Protoss
  • Spawn Location: 5:00

NightMare - Winner!

  • Race: Protoss Protoss
  • Spawn Location: 11:00

Event: DreamHack SC2 Masters 2022 Atlanta (Offline)

VOD

Have the link to the VOD?

Description

Time

  • Played on: Nov. 18, 2022, 3:35 p.m.
  • Length: 9:55

All games in this series

Show
View Real Time Build Order
Export as new Build Order

PtitDrogo Protoss 

Build Orders:  

Get SALT Encoding   

  12  0:00  Probe  
  13  0:12  Probe  
  14  0:17  Pylon  
  14  0:24  Probe (Chrono Boost)  
  15  0:36  Probe (Chrono Boost), Gateway  
  16  0:44  Probe (Chrono Boost)  
  16  0:46  Assimilator  
  17  0:51  Probe  
  18  0:58  Assimilator  
  18  1:03  Probe (Chrono Boost)  
  19  1:08  Gateway  
  19  1:13  Probe (Chrono Boost)  
  19  1:18  Probe (Chrono Boost)  
  21  1:28  Cybernetics Core  
  21  1:30  Probe  
  22  1:42  Probe, Pylon  
  23  2:00  Probe  
  24  2:02  Warp Gate (Chrono Boost)  
  24  2:04  Stalker  
  24  2:05  Sentry  
  28  2:15  Pylon  
  28  2:29  Pylon  
  28  2:31  Stalker  
  30  2:43  Stalker  
  31  2:52  Shield Battery  
  31  3:01  Nexus  
  33  3:13  Sentry, Pylon  
  33  3:15  Shield Battery  
  33  3:22  Probe  
  34  3:29  Twilight Council  
  34  3:35  Shield Battery  
  35  3:41  Probe  
  35  3:46  Stalker x2  
  39  3:53  Shield Battery  
  39  4:00  Probe  
  40  4:03  Blink (Chrono Boost)  
  40  4:12  Probe (Chrono Boost)  
  40  4:13  Probe (Chrono Boost)  
  42  4:17  Stalker  
  42  4:23  Probe (Chrono Boost)  
  45  4:25  Stalker  
  45  4:26  Probe (Chrono Boost)  
  48  4:35  Probe  
  48  4:37  Shield Battery  
  49  4:40  Probe  
  48  4:47  Probe  
  49  4:53  Probe  
  49  4:55  Stalker x2  
  49  4:59  Probe  
  55  5:05  Probe  
  56  5:11  Probe  
  57  5:15  Pylon  
  57  5:17  Probe  
  57  5:20  Stalker x2  
  62  5:30  Nexus  
  62  5:33  Probe x2  
  64  5:44  Stalker x2  
  64  5:45  Probe x2  
  70  5:50  Assimilator, Pylon  
  68  5:59  Probe  
  63  6:09  Stalker x2  
  57  6:18  Probe  
  57  6:25  Probe  
  57  6:30  Robotics Facility  
  57  6:31  Probe (Chrono Boost)  
  56  6:34  Forge  
  56  6:37  Probe (Chrono Boost)  
  57  6:41  Probe (Chrono Boost)  
  57  6:43  Probe (Chrono Boost)  
  57  6:46  Stalker x2  
  62  6:49  Charge, Gateway, Probe (Chrono Boost)  
  62  6:51  Probe x2 (Chrono Boost)  
  62  6:52  Gateway  
  62  6:53  Probe (Chrono Boost)  
  64  6:54  Gateway  
  64  6:56  Probe (Chrono Boost)  
  64  6:57  Probe, Gateway  
  64  7:00  Protoss Ground Weapons Level 1 (Chrono Boost)  
  67  7:03  Probe  
  67  7:04  Shield Battery  
  67  7:08  Probe  
  69  7:09  Probe  
  69  7:13  Stalker  
  69  7:15  Stalker  
  74  7:17  Probe, Pylon  
  74  7:18  Observer  
  74  7:22  Pylon  
  76  7:30  Nexus  
  76  7:32  Pylon  
  76  7:33  Observer  
  76  7:37  Stalker  
  76  7:38  Stalker  
  76  7:42  Stalker  
  83  7:50  Stalker x2  
  83  7:51  Stalker  
  89  8:00  Shield Battery, Probe  
  89  8:04  Stalker x2  
  89  8:05  Shield Battery  
  94  8:07  Stalker  
  96  8:14  Gateway  
  96  8:17  Gateway  
  94  8:20  Stalker x3  
  100  8:30  Stalker x2  
  104  8:38  Zealot  
  98  8:44  Zealot x3  
  87  8:51  Probe  
  87  8:54  Stalker x2  
  87  8:55  Probe x2  
  82  8:56  Probe  
  82  8:57  Assimilator  
  82  8:59  Assimilator  
  82  9:01  Stalker  
  83  9:07  Zealot  
  83  9:08  Zealot x2  
  89  9:10  Zealot  
  89  9:12  Zealot  
  93  9:23  Zealot x2  
  83  9:24  Zealot  
  83  9:28  Pylon  
  83  9:30  Zealot x4, Assimilator, Pylon  
  83  9:31  Pylon  
  93  9:33  Dark Shrine  
  93  9:40  Zealot  
  93  9:45  Zealot x3  
  99  9:51  Zealot x3  
Show
View Real Time Build Order
Export as new Build Order

NightMare Protoss - Winner!

Build Orders: Blink Stalkers 

Get SALT Encoding   

  12  0:00  Probe  
  13  0:12  Probe  
  14  0:17  Pylon  
  14  0:24  Probe (Chrono Boost)  
  15  0:36  Probe (Chrono Boost)  
  15  0:37  Gateway  
  16  0:45  Probe (Chrono Boost)  
  16  0:49  Assimilator  
  17  0:51  Probe  
  18  1:00  Assimilator  
  18  1:03  Probe (Chrono Boost)  
  19  1:09  Gateway  
  19  1:13  Probe (Chrono Boost)  
  19  1:18  Probe (Chrono Boost)  
  21  1:26  Cybernetics Core  
  21  1:30  Probe  
  22  1:38  Pylon  
  22  1:42  Probe  
  23  1:56  Probe  
  24  2:02  Adept x2  
  24  2:03  Warp Gate  
  24  2:08  Probe  
  29  2:14  Pylon  
  29  2:22  Pylon  
  29  2:37  Stalker x2  
  33  2:50  Probe  
  34  2:54  Pylon  
  34  3:02  Probe  
  35  3:14  Probe  
  35  3:19  Nexus  
  36  3:26  Probe  
  36  3:27  Twilight Council  
  37  3:38  Probe  
  38  3:50  Probe  
  38  3:52  Sentry x2  
  38  3:55  Blink (Chrono Boost)  
  43  4:00  Pylon  
  44  4:02  Probe  
  44  4:12  Robotics Facility  
  44  4:14  Probe  
  45  4:18  Stalker  
  47  4:25  Stalker  
  47  4:27  Probe  
  50  4:32  Probe  
  51  4:39  Probe  
  51  4:45  Probe  
  53  4:51  Probe  
  54  4:56  Forge  
  54  4:57  Probe  
  54  4:59  Stalker  
  55  5:00  Gateway  
  55  5:01  Observer  
  55  5:02  Gateway  
  55  5:06  Stalker  
  57  5:07  Probe  
  57  5:09  Probe  
  57  5:12  Assimilator  
  58  5:25  Stalker, Pylon  
  58  5:28  Protoss Ground Weapons Level 1 (Chrono Boost)  
  60  5:29  Stalker  
  62  5:39  Nexus  
  62  5:43  Shield Battery  
  62  5:47  Probe x2  
  64  5:53  Stalker  
  64  5:54  Stalker  
  64  5:58  Stalker  
  64  6:02  Stalker  
  64  6:04  Probe x2  
  52  6:18  Stalker x2  
  52  6:22  Stalker  
  52  6:24  Charge (Chrono Boost), Probe x2  
  52  6:25  Stalker  
  54  6:36  Probe  
  54  6:37  Probe  
  55  6:45  Gateway  
  55  6:47  Gateway  
  55  6:51  Gateway x2  
  55  6:53  Probe x3  
  58  7:00  Warp Prism (Chrono Boost)  
  58  7:05  Stalker  
  58  7:06  Sentry  
  64  7:08  Probe  
  64  7:09  Probe x2  
  64  7:13  Stalker  
  69  7:16  Stalker  
  69  7:21  Probe  
  69  7:22  Probe x2  
  74  7:28  Stalker  
  74  7:29  Stalker  
  78  7:35  Observer  
  78  7:36  Pylon  
  78  7:37  Pylon  
  78  7:48  Zealot x6  
  90  7:57  Zealot  
  90  7:58  Zealot  
  93  8:09  Zealot x2  
  93  8:10  Zealot x3  
  103  8:16  Zealot, Immortal (Chrono Boost)  
  109  8:20  Zealot  
  109  8:23  Pylon x2  
  107  8:37  Zealot x5  
  105  8:42  Zealot x3  
  105  8:46  Immortal (Chrono Boost)  
  101  8:48  Probe  
  102  8:58  Zealot x2  
  102  8:59  Zealot x3  
  110  9:09  Pylon  
  104  9:20  Zealot x8  
  119  9:24  Observer  
  119  9:35  Nexus  
  119  9:36  Pylon  
  117  9:47  Zealot x6  
  117  9:51  Zealot  
  117  9:52  Zealot  
Tags
 
Add a new tag
Caveats
  • Supply blocks, unpowered buildings, or Contaminate may cause inaccurate times.
  • Supply counts are checked every 10 seconds.